 Dungeon Crawl Stone Soup version 0.19.1-1-g22dce08 (webtiles) character file.

140186 M4edhros the Severer (level 16, -7/155 HPs)
             Began as a Minotaur Berserker on Dec 31, 2016.
             Was a High Priest of Trog.
             Blown up by an orb spider (47 damage)
             ... with an orb of destruction
             ... on level 4 of the Spider Nest.
             The game lasted 00:34:28 (20695 turns).

M4edhros the Severer (Minotaur Berserker)          Turns: 20695, Time: 00:34:28

Health: -7/155     AC:  7    Str: 26    XL:     16   Next: 75%
Magic:  1/15       EV: 29    Int:  2    God:    Trog [*****.]
Gold:   1367       SH: 12    Dex: 17    Spells: 0 memorised, 15 levels left

rFire  + + .     SeeInvis .     Z - +8 frozen axe "Frostbite" {freezing cloud, *Noise +Fly rC+}
rCold  + + .     Gourm    .     x - +1 robe of Tenacity {rC+ rN+ MR+ Regen+ Int-2}
rNeg   + . .     Faith    .     (shield currently unavailable)
rPois  .         Spirit   .     (helmet restricted)
rElec  .         Reflect  +     n - +0 cloak
rCorr  .         Harm     .     q - +0 pair of gloves
MR     +++++                    (no boots)
Stlth  +.........               K - brooch of Shielding {Reflect SH+8}
                                t - +6 ring of slaying
                                V - ring "Luunacs" {rF+ MR+}

@: exhausted, very slightly contaminated, regenerating, hasted and slowed
A: retaliatory headbutt, hooves 2, horns 2, repulsion field 1, iridescent scales
1, large bone plates 1, agile 1, deformed body, deterioration 1, fire resistance
1, magic resistance 1, strong 1
a: Berserk, Trog's Hand, Brothers in Arms, Burn Spellbooks, Renounce Religion,
Evoke Flight


You were on level 4 of the Spider Nest.
You worshipped Trog.
Trog was extremely pleased with you.
You were not hungry.

You visited 3 branches of the dungeon, and saw 25 of its levels.

You collected 1751 gold pieces.
You spent 384 gold pieces at shops.

Inventory:

Hand Weapons
 Z - the +8 frozen axe "Frostbite" (weapon) {freezing cloud, *Noise +Fly rC+}
   (You found it on level 5 of the Lair of Beasts)

   It has been specially enchanted to freeze those struck by it, causing extra
   injury to most foes and up to half again as much damage against particularly
   susceptible opponents.
   It can also slow down cold-blooded creatures.
   It protects you from cold.
   It lets you fly.
   It may make noises in combat.
Armour
 i - a +0 troll leather armour {Snorg}
 n - a +0 cloak (worn)
 q - a +0 pair of gloves (worn)
 x - the +1 robe of Tenacity (worn) {rC+ rN+ MR+ Regen+ Int-2}
   (You found it on level 5 of the Dungeon)

   It affects your intelligence (-2).
   It protects you from cold.
   It protects you from negative energy.
   It affects your resistance to hostile enchantments.
   It increases your rate of regeneration.
Jewellery
 b - an uncursed ring of see invisible
 t - a +6 ring of slaying (right hand)
 w - an uncursed ring of protection from fire
 K - the brooch of Shielding (around neck) {Reflect SH+8}
   (You bought it in a shop on level 14 of the Dungeon)

   [amulet of reflection]

   It shields you and reflects attacks.
   It affects your SH (+8).
 V - the ring "Luunacs" (left hand) {rF+ MR+}
   (You found it on level 12 of the Dungeon)

   [ring of protection from magic]

   It protects you from fire.
   It affects your resistance to hostile enchantments.
Wands
 p - a wand of acid (3/15)
 v - a wand of hasting (3/9)
 H - a wand of flame (13/48)
 J - a wand of heal wounds (5/9)
Scrolls
 a - 5 scrolls of random uselessness {unknown}
 d - 7 scrolls of teleportation
 e - a scroll of brand weapon {unknown}
 f - 2 scrolls of summoning {unknown}
 D - 6 scrolls of immolation
 I - a scroll of magic mapping
 P - 8 scrolls of remove curse
 R - 2 scrolls of silence {unknown}
 S - 3 scrolls of vulnerability {unknown}
 T - 2 scrolls of identify
 U - 2 scrolls of recharging
 W - 5 scrolls of fog
 X - 2 scrolls of enchant armour
Potions
 h - 4 potions of brilliance
 l - 2 potions of berserk rage
 m - 3 potions of might
 o - 5 potions of flight
 r - 4 potions of heal wounds
 s - 4 potions of degeneration
 u - a potion of ambrosia
 z - 5 potions of agility
 E - 3 potions of curing
Books
 j - a book of Death

   Spells                             Type                      Level
   a - Corpse Rot                     Necromancy                   2
   b - Sublimation of Blood           Necromancy                   2
   c - Agony                          Necromancy                   5
   d - Dispel Undead                  Necromancy                   5
   e - Excruciating Wounds            Charms/Necromancy            5
   f - Bolt of Draining               Conjuration/Necromancy       5
   Trog disapproves of the use of such an item.
 y - a book of Flames

   Spells                             Type                      Level
   a - Flame Tongue                   Conjuration/Fire             1
   b - Throw Flame                    Conjuration/Fire             2
   c - Conjure Flame                  Conjuration/Fire             3
   d - Inner Flame                    Hexes/Fire                   3
   e - Sticky Flame                   Conjuration/Fire             4
   f - Fireball                       Conjuration/Fire             5
   Trog disapproves of the use of such an item.
 A - a book of Air

   Spells                             Type                      Level
   a - Shock                          Conjuration/Air              1
   b - Swiftness                      Charms/Air                   2
   c - Repel Missiles                 Charms/Air                   2
   d - Static Discharge               Conjuration/Air              3
   e - Lightning Bolt                 Conjuration/Air              5
   Trog disapproves of the use of such an item.
 B - a book of Transfigurations

   Spells                             Type                      Level
   a - Irradiate                      Conjuration/Transmutation    5
   b - Statue Form                    Transmutation/Earth          6
   c - Hydra Form                     Transmutation                6
   d - Dragon Form                    Transmutation                7
   Trog disapproves of the use of such an item.
 C - a book of Conjurations

   Spells                             Type                      Level
   a - Magic Dart                     Conjuration                  1
   b - Searing Ray                    Conjuration                  2
   c - Dazzling Spray                 Conjuration/Hexes            3
   d - Fulminant Prism                Conjuration/Hexes            4
   e - Iskenderun's Mystic Blast      Conjuration                  4
   f - Iskenderun's Battlesphere      Conjuration/Charms           5
   Trog disapproves of the use of such an item.
 Y - a book of Transfigurations

   Spells                             Type                      Level
   a - Irradiate                      Conjuration/Transmutation    5
   b - Statue Form                    Transmutation/Earth          6
   c - Hydra Form                     Transmutation                6
   d - Dragon Form                    Transmutation                7
   Trog disapproves of the use of such an item.
Miscellaneous
 g - a disc of storms
 L - a sack of spiders
 N - a phial of floods
Comestibles
 c - 10 bread rations
 k - 8 slices of pizza
 G - 4 meat rations
 Q - 26 fruits


   Skills:
 + Level 17.0 Fighting
 + Level 20.6 Axes
 - Level 5.9 Armour
 * Level 19.5 Dodging


You had 15 spell levels left.
You didn't know any spells.

Dungeon Overview and Level Annotations

Branches:
Dungeon (15/15)            Temple (0/1) D:6            Lair (6/6) D:10
  Swamp (0/4) Lair:4       Spider (4/4) Lair:4        Slime (0/5) Lair:5
    Orc (0/2) D:12         Depths (0/5) D:15
 Vaults: D:13-14

Altars:
Trog
Uskayaw
Vehumet
The Shining One

Shops:
D:8 :   D:14 =

Annotations:
Spider:1 exclusion: Roxanne, Roxanne


Innate Abilities, Weirdness & Mutations

You reflexively headbutt those who attack you in melee.
You have a pair of horns on your head.
You have hoof-like feet.
You are surrounded by a mild repulsion field. (EV +2)
You are partially covered in iridescent scales. (AC +2)
You are partially covered in large bone plates. (SH +4)
You are agile. (Dex +2)
Armour fits poorly on your strangely shaped body.
Your body sometimes deteriorates upon taking damage.
Your flesh is heat resistant. (rF+)
You are resistant to hostile enchantments. (MR+)
Your muscles are strong. (Str +2)


Message History

Blink to where?
Press: ? - help, Dir - move target cursor You are very lightly contaminated with residual magic.
As you read the scroll of blinking, it crumbles to dust.
Found a mace, 41 gold pieces, a gossamer rune of Zot and 2 potions of ambrosia.
Okay, then.
You feel yourself speed up.
The orb spider begins to weave its threads into a brightly glowing ball.
The orb spider spins a strand of pure energy.
Your skin crawls.
You feel resistant to hostile enchantments.
You feel somewhat more hungry. You block the redback's attack.
The orb spider weaves a glowing orb of energy. x2
The redback completely misses you. 2 orbs of destruction come into view.
The redback completely misses you.
Your ogre goes berserk!
You feel quite a bit more hungry. The redback barely misses you.
The orb of destruction hits you!
You die...

....^#.††..#.$
......#§s..≈....
≈.$.....§..s.#...
^......#§....#..^
#....^.#§.s.≈^.^^
#^.^.^..*§^.....
#^.^^.[.§......
#...^.s§.......
###.O.@..).....
#.≈.........^
##^..........
#..........≈
##≈.......^.
##^.φ.!..^#
##≈≈!...##
#######


You could see 3 orb spiders, a redback and a friendly ogre (berserk).

Vanquished Creatures
  2 tengu reavers (D:14)
  Agnes (D:14)
  Gastronok (D:9)
  3 ghost moths
  Louise (D:14)
  3 emperor scorpions
  Nessos (D:13)
  An entropy weaver (Spider:4)
  The ghost of dricus the Unseen, a journeyman SpEn of Gozag (D:13)
  A spark wasp (Spider:4)
  An ettin (D:15)
  Josephine (D:11)
  6 hydras
  2 yaktaur captains (D:14)
  Erolcha (D:13)
  A rakshasa (D:15)
  A catoblepas (Lair:6)
  6 centaur warriors
  An ogre mage (D:14)
  Erica (D:10)
  A deep troll earth mage (D:14)
  2 tengu warriors
  A deep troll shaman (Lair:6)
  11 death yaks
  Urug (D:13)
  4 unseen horrors (D:14)
  A hell knight (D:14)
  A deep troll (D:15)
  3 lindwurms
  5 hill giants
  7 orb spiders
  4 deep elf magi
  19 ugly things
  17 wolf spiders
  6 elephants
  A cyclops (D:15)
  4 manticores
  2 moths of wrath
  2 centaur zombies
  2 torpor snails (Spider:1)
  9 black mambas
  A gargoyle (D:10)
  12 spiny frogs
  2 centaur skeletons
  The ghost of efeel the Artisan of Death, a novice HONe of Kikubaaqudgha (D:6)
  A kobold demonologist (D:14)
  5 komodo dragons
  A freezing wraith (D:15)
  2 tengu conjurers
  A rime drake (Lair:3)
  An efreet (D:14)
  2 ice devils (Lair:2)
  27 jumping spiders
  5 demonic crawlers
  The ghost of M4edhros the Chopper, an amateur MiBe of Trog (D:4)
  3 trolls
  4 tyrant leeches (Lair:4)
  6 polar bears
  A two-headed ogre (D:14)
  2 harpy skeletons
  4 hornets
  6 hippogriffs
  Grinder (D:4)
  16 blink frogs
  2 dream sheep (D:11)
  59 redbacks
  2 centaur simulacra (D:15)
  2 water elementals
  6 spriggans (D:10)
  A shadow (D:14)
  A tarantella (shapeshifter) (D:15)
  7 wyverns
  Sigmund (D:2)
  20 tarantellas
  29 yaks
  7 wraiths
  3 basilisks
  A human (shapeshifter) (D:14)
  Grum (D:5)
  7 vampire mosquitoes
  Edmund (D:4)
  2 wargs (D:10)
  A soldier ant (D:14)
  12 water moccasins
  8 porcupines
  3 black bears
  6 orc warriors
  4 ice beasts
  A sky beast (D:10)
  A meliai simulacrum (D:15)
  2 hornet zombies (D:14)
  An eye of draining (D:13)
  6 ogres
  2 necrophages
  4 phantoms
  23 wolves
  12 centaurs
  14 crocodiles
  8 big kobolds
  A wyvern zombie (D:13)
  10 bullfrogs
  A gnoll sergeant (D:5)
  A wyvern skeleton (D:14)
  3 scorpions
  4 wights (D:15)
  3 electric eels (Lair:2)
  3 crimson imps
  4 howler monkeys
  2 quasits
  2 bullfrog zombies
  A jelly (D:11)
  9 orc priests
  3 bullfrog skeletons
  2 gnoll shamans (D:5)
  10 hounds
  Jessica (D:2)
  3 iguanas
  12 orc wizards
  11 worker ants
  A statue (D:9)
  A hound skeleton (D:10)
  8 adders
  3 gnolls
  A howler monkey skeleton (D:6)
  3 shadow imps
  3 white imps (D:15)
  4 ufetubi (D:15)
  A worm (D:5)
  2 dart slugs
  6 leopard geckos
  25 orcs
  3 bats
  2 giant cockroaches
  7 goblins
  5 hobgoblins
  2 jackals (D:4)
  2 quokkas (D:6)
  3 ball pythons
  3 frilled lizards
  21 kobolds
  A leopard gecko skeleton (D:7)
  6 rats
  2 butterflies (Lair:6)
  7 fungi
  6 plants
718 creatures vanquished.

Vanquished Creatures (collateral kills)
  An emperor scorpion (Spider:4)
  A spark wasp (Spider:4)
  Snorg (Lair:6)
  4 hydras
  6 orb spiders
  4 wolf spiders
  An elephant (Lair:4)
  A black mamba (Lair:4)
  A demonic crawler (Spider:4)
  6 jumping spiders
  4 redbacks
  5 tarantellas
  2 butterflies (Lair:6)
37 creatures vanquished.

Vanquished Creatures (others)
  An orb spider (Spider:1)
  2 redbacks
  9 fungi
  3 plants
15 creatures vanquished.

Grand Total: 770 creatures vanquished

Notes
Turn   | Place    | Note
-------+----------+-------------------------------------------
     0 | D:1      | M4edhros the Minotaur Berserker began the quest for the Orb.
     0 | D:1      | Reached XP level 1. HP: 19/19 MP: 0/0
    94 | D:1      | Reached XP level 2. HP: 24/27 MP: 1/1
   247 | D:1      | Reached skill level 4 in Axes
   543 | D:2      | Reached XP level 3. HP: 33/33 MP: 2/2
   559 | D:2      | Reached ** piety under Trog
   594 | D:2      | Noticed Jessica
   599 | D:2      | Noticed Sigmund
   604 | D:2      | Killed Jessica
   608 | D:2      | Killed Sigmund
   608 | D:2      | Reached skill level 5 in Axes
   608 | D:2      | Reached XP level 4. HP: 41/41 MP: 3/3
   608 | D:2      | Reached XP level 5. HP: 47/47 MP: 4/4
   739 | D:3      | You fall through a shaft!
   793 | D:4      | Reached skill level 5 in Fighting
   894 | D:4      | Noticed Edmund
   903 | D:4      | Killed Edmund
   903 | D:4      | Reached XP level 6. HP: 56/56 MP: 5/5
   926 | D:4      | Reached skill level 6 in Axes
   997 | D:4      | Noticed M4edhros's ghost (amateur MiBe)
  1009 | D:4      | Killed M4edhros's ghost
  1009 | D:4      | Reached XP level 7. HP: 61/61 MP: 6/6
  1069 | D:4      | Reached skill level 5 in Armour
  1168 | D:4      | Noticed Grinder
  1176 | D:4      | Killed Grinder
  1176 | D:4      | Reached skill level 7 in Axes
  1269 | D:5      | Entered Level 5 of the Dungeon
  1356 | D:5      | Reached *** piety under Trog
  1356 | D:5      | Reached skill level 5 in Dodging
  1426 | D:5      | Reached XP level 8. HP: 63/70 MP: 7/7
  1473 | D:5      | Reached skill level 8 in Axes
  1645 | D:5      | Noticed Grum
  1658 | D:5      | Killed Grum
  2181 | D:5      | Got a shimmering robe
  2192 | D:5      | Identified the +1 robe of Tenacity {rC+ rN+ MR+ Regen+ Int-2} (You found it on level 5 of the Dungeon)
  2615 | D:5      | Reached skill level 9 in Axes
  2717 | D:6      | Noticed efeel's ghost (novice HONe)
  2730 | D:6      | Killed efeel's ghost
  2845 | D:6      | Found a staircase to the Ecumenical Temple.
  2937 | D:6      | Reached XP level 9. HP: 79/79 MP: 8/8
  3050 | D:7      | Reached skill level 10 in Axes
  3453 | D:8      | Reached **** piety under Trog
  3737 | D:8      | Reached skill level 11 in Axes
  3934 | D:8      | Found Qich's Book Boutique.
  4303 | D:9      | Found a flagged portal.
  4313 | D:9      | Noticed a six-headed hydra
  4630 | D:10     | Entered Level 10 of the Dungeon
  4681 | D:10     | Reached XP level 10. HP: 78/91 MP: 9/9
  4700 | D:10     | Noticed a hill giant
  4711 | D:10     | Reached skill level 12 in Axes
  4714 | D:10     | Killed a hill giant
  4890 | D:10     | Noticed Erica
  4916 | D:10     | Killed Erica
  4916 | D:10     | Reached skill level 10 in Fighting
  4916 | D:10     | Reached skill level 13 in Axes
  5319 | D:10     | Found a staircase to the Lair.
  5319 | D:10     | Noticed a gargoyle
  5328 | D:10     | Killed a gargoyle
  5335 | D:10     | Reached XP level 11. HP: 101/101 MP: 10/10
  6198 | D:11     | Noticed Josephine
  6212 | D:11     | Reached ***** piety under Trog
  6214 | D:11     | Killed Josephine
  6214 | D:11     | Reached skill level 14 in Axes
  6385 | D:11     | Noticed a brown ugly thing
  6392 | D:11     | Killed a brown ugly thing
  6517 | D:11     | Noticed a three-headed hydra
  6526 | D:11     | Reached skill level 10 in Dodging
  6533 | D:11     | Killed a three-headed hydra
  6593 | D:11     | Found a glowing golden altar of the Shining One.
  6878 | D:12     | Reached skill level 15 in Axes
  6980 | D:12     | Noticed a green ugly thing
  6991 | D:12     | Killed a green ugly thing
  7219 | D:12     | Got a heavily runed jade ring
  7221 | D:12     | Identified the ring "Luunacs" {rF+ MR+} (You found it on level 12 of the Dungeon)
  7627 | D:12     | Found a staircase to the Orcish Mines.
  7633 | D:13     | Found a hide-covered altar of Uskayaw.
  7633 | D:13     | Noticed Erolcha
  7633 | D:13     | Noticed a deep elf mage
  7633 | D:13     | Noticed dricus's ghost (journeyman SpEn)
  7640 | D:13     | Noticed Urug
  7643 | D:13     | Killed a deep elf mage
  7649 | D:13     | Killed Erolcha
  7652 | D:13     | Killed dricus's ghost
  7652 | D:13     | Reached XP level 12. HP: 111/111 MP: 5/11
  7663 | D:13     | Killed Urug
  8152 | D:13     | Noticed a centaur warrior
  8177 | D:13     | Killed a centaur warrior
  8177 | D:13     | Reached skill level 16 in Axes
  8245 | D:13     | Noticed Nessos
  8862 | D:13     | Killed Nessos
  8948 | D:13     | Gained mutation: You have a beak for a mouth. [mutagenic meat]
  8959 | D:13     | Noticed a tengu warrior
  9043 | D:13     | Killed a tengu warrior
  9100 | D:13     | Gained mutation: You are weak. (Str -2) [mutagenic meat]
  9185 | Lair:1   | Entered Level 1 of the Lair of Beasts
  9436 | Lair:1   | Noticed an eight-headed hydra
  9449 | Lair:1   | Killed a nine-headed hydra
 10318 | D:10     | Received a gift from Trog
 10522 | D:9      | Killed an eight-headed hydra
 10567 | D:9      | Got a warped hand axe
 10568 | D:9      | Identified the +7 hand axe of Gozag's Reproof {freeze, +Rage SInv} (You found it on level 9 of the Dungeon)
 10591 | D:9      | Found a radiant altar of Vehumet.
 10658 | D:9      | Found a bloodstained altar of Trog.
 10754 | D:9      | Noticed Gastronok
 10762 | D:9      | Killed Gastronok
 10810 | D:9      | Reached skill level 17 in Axes
 11123 | Lair:2   | Reached XP level 13. HP: 111/119 MP: 12/12
 11915 | Lair:3   | Lost mutation: You are weak. (Str -2) [potion of cure mutation]
 11915 | Lair:3   | Lost mutation: You have a beak for a mouth. [potion of cure mutation]
 11956 | Lair:3   | Gained mutation: You are resistant to hostile enchantments. (MR+) [potion of beneficial mutation]
 11959 | Lair:3   | Lost intelligence.
 12127 | Lair:3   | Received a gift from Trog
 12815 | Lair:4   | Found a dark tunnel.
 12877 | Lair:4   | Found a hole to the Spider Nest.
 12896 | Lair:4   | Gained mutation: You are clumsy. (Dex -2) [potion of mutation]
 12896 | Lair:4   | Gained mutation: Your body sometimes deteriorates upon taking damage. [potion of mutation]
 12897 | Lair:4   | Gained mutation: You have a pair of large horns on your head. [potion of mutation]
 12897 | Lair:4   | Gained mutation: Your spells are a little easier to cast, but a little less powerful. [potion of mutation]
 12898 | Lair:4   | Gained mutation: You are resistant to electric shocks. (rElec) [potion of mutation]
 12898 | Lair:4   | Gained mutation: You have large cloven feet. [potion of mutation]
 13064 | Lair:4   | Reached skill level 18 in Axes
 13387 | Lair:4   | Found a staircase to the Swamp.
 14274 | Lair:5   | Found a staircase to the Slime Pits.
 14756 | Lair:6   | Entered Level 6 of the Lair of Beasts
 14769 | Lair:6   | Got a fine leather armour
 14780 | Lair:6   | Identified the cursed +1 leather armour "Colauguh" {*Contam Dex+4} (You found it on level 6 of the Lair of Beasts)
 14794 | Lair:6   | Gained mutation: Your spells are easier to cast, but less powerful. [mutagenic glow]
 14872 | Lair:6   | Noticed Snorg
 14880 | Lair:6   | Killed Snorg
 15072 | Lair:6   | Reached XP level 14. HP: 122/130 MP: 13/13
 15371 | Lair:6   | Reached skill level 15 in Dodging
 15833 | Lair:6   | Identified Sif Muna's Disquisition on Transmigration and the Volcanoes
 16142 | D:14     | Noticed Louise
 16150 | D:14     | Killed Louise
 16154 | D:14     | Noticed Agnes
 16163 | D:14     | Killed Agnes
 16197 | D:14     | Gained mutation: You are surrounded by a mild repulsion field. (EV +2) [mutagenic meat]
 16199 | D:14     | Gained mutation: Your system is resistant to poisons. (rPois) [mutagenic meat]
 16201 | D:14     | Lost mutation: Your spells are easier to cast, but less powerful. [mutagenic meat]
 16203 | D:14     | Lost mutation: You are resistant to electric shocks. (rElec) [mutagenic meat]
 16204 | D:14     | Lost intelligence.
 16204 | D:14     | Gained mutation: You are dopey. (Int -2) [mutagenic meat]
 16208 | D:14     | Gained mutation: You are partially covered in large bone plates. (SH +4) [mutagenic meat]
 16336 | D:14     | Reached skill level 19 in Axes
 16488 | D:14     | Lost mutation: You are clumsy. (Dex -2) [mutagenic meat]
 16548 | D:14     | Found Kaumyla's Jewellery Shop.
 16556 | D:14     | Reached skill level 15 in Fighting
 16564 | D:14     | Bought the brooch of Shielding {Reflect SH+8} for 384 gold pieces
 16626 | D:14     | Lost mutation: You have a pair of large horns on your head. [mutagenic meat]
 16634 | D:14     | Gained mutation: Your flesh is heat resistant. (rF+) [mutagenic meat]
 16635 | D:14     | Gained mutation: Armour fits poorly on your strangely shaped body. [mutagenic meat]
 16641 | D:14     | Gained mutation: You are partially covered in iridescent scales. (AC +2) [mutagenic meat]
 16642 | D:14     | Lost mutation: Your spells are a little easier to cast, but a little less powerful. [mutagenic meat]
 16643 | D:14     | Lost mutation: You are dopey. (Int -2) [mutagenic meat]
 16644 | D:14     | Lost mutation: Your body sometimes deteriorates upon taking damage. [mutagenic meat]
 16645 | D:14     | Gained mutation: Your body sometimes deteriorates upon taking damage. [mutagenic meat]
 16921 | D:14     | Reached XP level 15. HP: 132/141 MP: 14/14
 17002 | D:14     | Noticed a tengu reaver
 17011 | D:14     | Killed a tengu reaver
 17073 | D:14     | Noticed a tengu reaver
 17195 | D:14     | Received a gift from Trog
 17212 | D:14     | Killed a tengu reaver
 17564 | D:14     | Gained mutation: You are agile. (Dex +2) [mutagenic meat]
 17566 | D:14     | Gained mutation: You have hoof-like feet. [mutagenic meat]
 17581 | D:15     | Entered Level 15 of the Dungeon
 17633 | D:15     | Found a staircase to the Depths.
 17678 | D:15     | Gained mutation: Your natural rate of healing is unusually fast. [mutagenic meat]
 17694 | D:15     | Found a bloodstained altar of Trog.
 18683 | Spider:1 | Entered Level 1 of the Spider Nest
 18800 | Spider:1 | Received a gift from Trog
 18802 | Spider:1 | Noticed Roxanne
 18814 | Spider:1 | Reached skill level 20 in Axes
 19057 | Spider:2 | Reached XP level 16. HP: 78/151 MP: 15/15
 19448 | Spider:2 | Lost mutation: Your system is resistant to poisons. (rPois) [mutagenic meat]
 19449 | Spider:2 | Gained mutation: Your muscles are strong. (Str +2) [mutagenic meat]
 19451 | Spider:2 | Lost mutation: Your natural rate of healing is unusually fast. [mutagenic meat]
 19713 | Spider:3 | Received a gift from Trog
 20530 | Spider:4 | Entered Level 4 of the Spider Nest
 20695 | Spider:4 | Blown up by an orb spider

Skill      XL: |  1  2  3  4  5  6  7  8  9 10 11 12 13 14 15 16 |
---------------+-------------------------------------------------+-----
Fighting       | 4 5 6 7 9 10 11 12 13 15 16 17 | 17.0
Axes           | 4 5 6 7 9 11 13 15 17 18 19 20 | 20.6
Armour         | 3 4 5 |  5.9
Dodging        | 3 4 5 6 7 9 11 12 14 16 18 19 | 19.5

Action                   |  1- 3 |  4- 6 |  7- 9 | 10-12 | 13-15 | 16-18 || total
-------------------------+-------+-------+-------+-------+-------+-------++-------
Melee: Hand axe          |    46 |    38 |   268 |   416 |    54 |       ||   822
       Headbutt          |     7 |     9 |    73 |   106 |   113 |    33 ||   341
       Peck              |       |       |       |    26 |    15 |       ||    41
       Executioner's axe |       |       |       |       |   461 |   158 ||   619
       Battleaxe         |       |       |       |       |    60 |       ||    60
       Kick              |       |       |       |       |   150 |    56 ||   206
Invok: Berserk           |     1 |     2 |     9 |     9 |    11 |     4 ||    36
       Trog's Hand       |       |       |       |     3 |     5 |     2 ||    10
       Brothers in Arms  |       |       |       |     4 |     9 |     7 ||    20
 Abil: Evoke Flight      |       |       |       |       |     1 |       ||     1
Evoke: Wand              |       |       |       |     9 |     4 |       ||    13
       Phial of floods   |       |       |       |       |     3 |       ||     3
  Use: Scroll            |       |       |    11 |     2 |    10 |     1 ||    24
       Potion            |       |       |     3 |     2 |    14 |     3 ||    22
 Stab: Sleeping          |       |       |       |       |     1 |       ||     1
       Petrified         |       |       |       |       |    12 |       ||    12
       Petrifying        |       |       |       |       |     3 |       ||     3
       Distracted        |       |       |       |       |     2 |       ||     2
  Eat: Chunk             |       |     2 |    17 |    22 |    50 |     5 ||    96
       Royal jelly       |       |       |     2 |       |     1 |       ||     3
       Pizza             |       |       |       |     1 |       |       ||     1
       Meat ration       |       |       |       |     2 |     5 |     2 ||     9
       Beef jerky        |       |       |       |       |     2 |     1 ||     3
Armor: Animal skin       |     2 |       |       |       |       |       ||     2
       Plate armour      |    21 |    20 |    53 |       |       |       ||    94
       Robe              |       |       |    31 |    25 |    82 |    12 ||   150
Dodge: Dodged            |    26 |    16 |   164 |   250 |   586 |   170 ||  1212
Block: Other             |       |       |       |       |   167 |    97 ||   264
       Reflection        |       |       |       |       |    16 |       ||    16
